Map: 2000 Atmospheres LE

Players

FloatingZerg - Winner!

  • Race: Zerg Zerg
  • League: Gold

Trunko

  • Race: Protoss Protoss
  • League: Gold

VOD

Have the link to the VOD?

Description

Cheeky Tech Switch+NeedMacroHatches

Time

  • Played on: Aug. 17, 2021, 2:42 a.m.
  • Length: 19:40
Show
View Real Time Build Order
Export as new Build Order

FloatingZerg Zerg - Winner!

Build Orders: Pool First 

Get SALT Encoding   

  12  0:02  Drone  
  13  0:12  Overlord  
  13  0:16  Drone  
  14  0:30  Drone x2  
  16  0:35  Drone  
  17  0:45  Drone  
  18  0:51  Spawning Pool  
  17  0:59  Drone  
  18  1:12  Hatchery  
  18  1:18  Drone  
  18  1:20  Extractor  
  18  1:24  Overlord  
  17  1:29  Drone  
  18  1:40  Queen  
  20  1:48  Drone  
  21  1:55  Overlord  
  21  2:02  Drone  
  22  2:18  Drone  
  23  2:23  Queen  
  23  2:25  Queen  
  23  2:29  Drone x2  
  29  2:36  Drone x2, Metabolic Boost  
  31  2:45  Drone x2  
  33  2:55  Overlord  
  33  3:03  Queen  
  35  3:12  Queen  
  35  3:15  Drone x5  
  35  3:18  Overlord  
  42  3:25  Zergling x2  
  43  3:32  Spine Crawler, Spore Crawler  
  41  3:34  Spore Crawler  
  41  3:37  Drone  
  41  3:39  Drone x2  
  41  3:40  Drone  
  44  4:03  Drone x6  
  50  4:25  Extractor  
  50  4:26  Lair  
  50  4:27  Extractor  
  50  4:30  Hatchery  
  47  4:37  Overlord x2  
  47  4:42  Hatchery  
  46  4:46  Roach Warren  
  46  4:49  Evolution Chamber  
  46  4:50  Evolution Chamber  
  46  4:51  Drone x3  
  46  4:55  Drone x3  
  46  4:56  Drone x2  
  46  4:57  Drone  
  52  5:19  Zerg Missile Weapons Level 1  
  52  5:20  Zerg Ground Armor Level 1  
  52  5:26  Glial Reconstitution  
  52  5:30  Hydralisk Den  
  51  5:35  Spore Crawler  
  49  5:52  Roach x8  
  49  5:54  Roach  
  67  6:04  Overseer  
  67  6:07  Overseer  
  67  6:11  Zergling x2  
  67  6:12  Zergling x26  
  81  6:34  Hatchery  
  81  6:38  Drone  
  81  6:40  Overlord x7  
  81  6:49  Muscular Augments  
  81  7:15  Zerg Missile Weapons Level 2  
  81  7:20  Burrow  
  81  7:21  Pneumatized Carapace  
  81  7:25  Drone x2, Extractor  
  81  7:26  Drone x2  
  84  7:34  Extractor  
  84  7:35  Extractor  
  82  7:39  Drone  
  82  7:40  Drone x17  
  100  7:49  Zerg Melee Weapons Level 1  
  100  8:06  Drone x2  
  100  8:11  Grooved Spines  
  102  8:15  Overseer x2  
  102  8:20  Overlord x5  
  102  8:37  Overseer  
  102  8:49  Hydralisk x15  
  102  8:50  Hydralisk  
  134  9:34  Overlord x4  
  134  9:37  Hatchery  
  134  9:38  Extractor  
  132  9:46  Extractor  
  131  10:21  Infestation Pit  
  131  10:23  Zerg Melee Weapons Level 2  
  131  10:24  Zerg Ground Armor Level 2  
  130  10:35  Roach x13  
  156  10:36  Roach x17  
  190  11:00  Pathogen Glands  
  190  11:03  Hydralisk x4  
  198  11:22  Drone  
  185  12:02  Spire  
  185  12:05  Spire  
  183  12:12  Neural Parasite  
  183  12:22  Hydralisk x8  
  199  13:10  Tunneling Claws  
  199  13:12  Hive  
  199  13:30  Zerg Flyer Weapons Level 1  
  199  13:33  Zerg Flyer Armor Level 1  
  199  14:27  Roach x38  
  195  15:18  Mutalisk  
  195  15:19  Mutalisk x15  
  195  15:20  Mutalisk x3  
  195  15:21  Mutalisk x3  
  199  15:22  Mutalisk  
  199  15:23  Mutalisk x3  
  199  15:24  Mutalisk x5  
  199  15:25  Mutalisk x3  
  199  15:26  Hydralisk x28, Mutalisk  
  199  15:27  Mutalisk x3  
  199  15:35  Zerg Flyer Weapons Level 2, Zerg Flyer Armor Level 2  
  127  16:22  Roach  
  127  16:23  Roach x14  
  157  16:37  Extractor  
  150  17:18  Mutalisk x5  
  150  17:19  Mutalisk x10  
  180  18:12  Overseer x2  
Show
View Real Time Build Order
Export as new Build Order

Trunko Protoss 

Build Orders:  

Get SALT Encoding   

  12  0:02  Probe (Chrono Boost)  
  13  0:12  Probe (Chrono Boost)  
  14  0:20  Pylon  
  14  0:22  Probe  
  15  0:38  Probe  
  15  0:40  Assimilator  
  16  0:50  Probe  
  17  1:02  Probe  
  17  1:04  Gateway  
  18  1:10  Gateway  
  18  1:14  Probe  
  18  1:17  Gateway  
  19  1:24  Pylon  
  19  1:30  Probe  
  20  1:34  Assimilator  
  20  1:42  Probe  
  21  1:53  Cybernetics Core  
  21  1:59  Probe  
  22  2:10  Pylon  
  22  2:21  Probe  
  23  2:29  Stalker  
  25  2:30  Stalker  
  25  2:31  Stalker  
  29  2:39  Shield Battery  
  29  2:59  Stalker  
  29  3:00  Stalker  
  33  3:08  Stalker  
  35  3:15  Pylon  
  35  3:29  Nexus  
  35  3:42  Stalker  
  35  3:43  Stalker  
  35  3:47  Sentry  
  41  3:54  Pylon  
  41  4:05  Assimilator  
  41  4:10  Assimilator  
  41  4:15  Probe  
  42  4:26  Stalker  
  42  4:27  Stalker x2  
  48  4:36  Probe (Chrono Boost)  
  49  4:44  Probe (Chrono Boost)  
  51  4:46  Probe (Chrono Boost)  
  51  4:51  Probe (Chrono Boost)  
  52  4:57  Probe  
  52  4:58  Probe  
  54  5:09  Probe  
  54  5:10  Probe  
  56  5:17  Sentry  
  56  5:18  Sentry  
  60  5:21  Probe  
  60  5:22  Probe  
  62  5:33  Probe  
  62  5:34  Probe  
  64  5:46  Probe x2  
  66  5:50  Robotics Facility  
  66  5:51  Stargate  
  66  5:52  Stalker  
  68  5:58  Probe x2  
  70  6:43  Pylon  
  70  6:44  Nexus  
  70  6:45  Pylon  
  70  6:49  Pylon  
  70  6:52  Pylon  
  70  6:55  Void Ray  
  70  6:58  Pylon  
  70  7:01  Probe x2, Observer  
  77  7:07  Pylon  
  77  7:10  Assimilator  
  77  7:13  Probe x2  
  77  7:15  Assimilator  
  79  7:16  Pylon  
  79  7:19  Pylon  
  79  7:25  Probe x2  
  79  7:29  Forge  
  81  7:32  Void Ray, Stargate  
  81  7:35  Stargate  
  81  7:37  Probe x2  
  81  7:40  Observer  
  81  7:44  Robotics Bay  
  88  7:48  Stalker  
  88  7:49  Probe, Robotics Facility, Stalker  
  93  7:57  Probe  
  94  8:01  Probe  
  95  8:10  Probe, Void Ray x2  
  95  8:11  Observer  
  97  8:13  Void Ray  
  109  8:22  Probe  
  110  8:33  Observer  
  110  8:34  Probe (Chrono Boost)  
  112  8:41  Shield Battery  
  112  8:43  Shield Battery, Probe (Chrono Boost)  
  112  8:44  Shield Battery  
  112  8:47  Shield Battery  
  113  8:48  Shield Battery, Probe (Chrono Boost)  
  113  8:53  Photon Cannon  
  114  9:00  Probe  
  115  9:17  Void Ray  
  115  9:18  Photon Cannon, Void Ray x2  
  127  9:25  Colossus  
  132  9:37  Probe, Photon Cannon  
  133  9:48  Pylon  
  133  9:49  Probe  
  134  9:54  Extended Thermal Lance  
  134  9:55  Void Ray x3  
  134  10:01  Probe  
  134  10:02  Pylon  
  134  10:04  Pylon  
  147  10:13  Probe  
  148  10:16  Pylon  
  148  10:20  Probe  
  149  10:22  Pylon  
  149  10:25  Probe, Pylon  
  150  10:33  Probe  
  151  10:41  Void Ray x3  
  151  10:48  Nexus  
  163  10:50  Colossus x2  
  175  11:03  Stargate  
  175  11:07  Stargate  
  175  11:09  Stargate  
  175  11:10  Pylon  
  175  11:14  Protoss Shields Level 1  
  175  11:40  Assimilator  
  175  11:45  Assimilator  
  168  11:56  Colossus x2  
  180  12:10  Robotics Facility  
  180  12:15  Void Ray x2  
  180  12:19  Void Ray  
  192  12:50  Colossus  
  198  12:56  Cybernetics Core  
  198  13:01  Forge, Protoss Air Weapons Level 1  
  198  13:22  Protoss Ground Armor Level 1  
  198  13:49  Protoss Ground Weapons Level 1  
  198  14:02  Protoss Air Armor Level 1  
  198  14:30  Nexus  
  198  14:37  Pylon  
  198  14:41  Assimilator  
  198  14:43  Assimilator  
  198  14:50  Pylon  
  198  14:52  Pylon  
  166  15:30  Void Ray x3  
  166  15:38  Colossus x3  
  148  16:07  Void Ray x2  
  106  16:16  Void Ray x4  
  106  16:17  Stalker x2  
  106  16:18  Stalker  
  117  16:34  Probe  
  111  16:46  Probe  
  87  16:47  Stalker x2  
  87  16:48  Stalker  
  87  16:53  Void Ray x2  
  86  16:58  Probe  
  85  17:02  Void Ray x2  
  73  17:17  Stalker x3  
  73  17:21  Colossus  
  80  17:30  Probe  
  89  17:41  Photon Cannon  
  89  17:42  Photon Cannon  
  89  17:43  Probe  
  80  17:47  Stalker  
  85  17:52  Pylon  
  85  17:55  Probe  
  80  18:00  Pylon  
  78  18:07  Probe, Photon Cannon x2  
  78  18:09  Photon Cannon  
  79  18:19  Probe  
  70  18:22  Photon Cannon x2  
  66  18:31  Probe, Photon Cannon  
  66  18:33  Photon Cannon  
  59  18:42  Photon Cannon  
  48  18:56  Probe  
  49  19:08  Probe  
Tags
 
Add a new tag
Caveats
  • Supply blocks, unpowered buildings, or Contaminate may cause inaccurate times.
  • Supply counts are checked every 10 seconds.